[ AOE2 MATCH · #485551068 ]
UnrankedMongols vs Teutons
Player's team · LOSS
Rival team · WIN
[ REPLAY ANALYSIS · EXTRACTED FROM THE RECORDED GAME ]
Feudal
—
Castle
—
Imperial
—
| APM avg | 91.2 |
| APM peak | 181 |
| eAPM avg | 52.9 |
| Villagers / military | 78 / 23 |
Focus
⚔️ 67.4% · 🌾 32.6%
Scout Cavalry ×18 · Monk ×5
Feudal
11:46
Castle
15:16
Imperial
—
| APM avg | 36.6 |
| APM peak | 62 |
| eAPM avg | 23.6 |
| Villagers / military | 82 / 18 |
Focus
⚔️ 47.2% · 🌾 52.8%
Scout Cavalry ×15 · Monk ×3
Match map
Initial resources + every placement click. Lines = walls · curves = elevation contours. ◆ gold · ⬟ stone · ● berries · ✦ relic · ◌ wall gap
Your base· ✓ Closed at 11:36 · 0t walls · 2 gate(s)
Thomas2311's base· ✓ Closed at 15:16 · 3t walls · 2 gate(s)
Smoothed initial terrain · ◌ = detected wall gap · hover for details
Inputs per minute
— Saturno 1343 - - Thomas2311
Build order — Saturno 1343
First 150 of 167 actions detected
| 0:00 | Queue | Villager (Male) |
| 0:01 | Queue | Villager (Male) |
| 0:01 | Build | House |
| 0:02 | Build | House |
| 0:05 | Queue | Villager (Male) |
| 0:09 | Queue | Villager (Male) |
| 0:09 | Queue | Villager (Male) |
| 1:19 | Queue | Villager (Male) |
| 1:41 | Queue | Villager (Male) |
| 2:13 | Queue | Villager (Male) |
| 2:14 | Queue | Villager (Male) |
| 2:20 | Build | Lumber Camp |
| 2:44 | Queue | Villager (Male) |
| 2:49 | Queue | Villager (Male) |
| 3:29 | Build | House |
| 3:42 | Queue | Villager (Male) |
| 3:47 | Queue | Villager (Male) |
| 3:53 | Queue | Villager (Male) |
| 4:00 | Queue | Villager (Male) |
| 4:15 | Queue | Villager (Male) |
| 4:26 | Queue | Villager (Male) |
| 5:09 | Build | Mill |
| 6:01 | Queue | Villager (Male) |
| 6:04 | Build | House |
| 6:35 | Queue | Villager (Male) |
| 6:46 | Queue | Villager (Male) |
| 6:50 | Queue | Villager (Male) |
| 6:54 | Build | Mill |
| 7:00 | Queue | Villager (Male) |
| 7:10 | Queue | Villager (Male) |
| 7:55 | Research | Feudal Age |
| 8:08 | Build | Mining Camp |
| 9:03 | Queue | Villager (Male) |
| 9:03 | Queue | Villager (Male) |
| 9:05 | Queue | Villager (Male) |
| 9:55 | Build | Barracks |
| 10:39 | Build | Stable |
| 10:49 | Build | House |
| 10:59 | Research | Loom |
| 11:04 | Build | Blacksmith |
| 11:24 | Queue | Villager (Male) |
| 11:29 | Queue | Villager (Male) |
| 11:36 | Research | Castle Age |
| 11:41 | Queue | Scout Cavalry |
| 11:58 | Build | Farm |
| 11:59 | Build | Farm |
| 12:14 | Queue | Villager (Male) |
| 12:14 | Queue | Villager (Male) |
| 12:16 | Build | Farm |
| 12:26 | Queue | Villager (Male) |
| 12:41 | Build | Farm |
| 12:46 | Build | Farm |
| 12:48 | Queue | Scout Cavalry |
| 13:06 | Build | Farm |
| 13:10 | Research | Double-Bit Axe |
| 13:37 | Queue | Scout Cavalry |
| 13:55 | Build | House |
| 13:59 | Queue | Villager (Male) |
| 14:13 | Queue | Scout Cavalry |
| 14:14 | Queue | Scout Cavalry |
| 14:19 | Build | Farm |
| 14:21 | Build | Farm |
| 14:34 | Build | Monastery |
| 14:40 | Queue | Scout Cavalry |
| 14:54 | Queue | Villager (Male) |
| 15:01 | Research | Light Cavalry (upgrade) |
| 15:01 | Research | Light Cavalry (upgrade) |
| 15:14 | Queue | Monk |
| 15:19 | Build | House |
| 15:28 | Build | Farm |
| 15:30 | Build | Farm |
| 15:30 | Queue | Villager (Male) |
| 15:36 | Queue | Villager (Male) |
| 15:45 | Build | Farm |
| 15:57 | Queue | Monk |
| 15:59 | Queue | Villager (Male) |
| 16:08 | Queue | Villager (Male) |
| 16:30 | Queue | Scout Cavalry |
| 16:38 | Queue | Scout Cavalry |
| 16:40 | Build | Farm |
| 16:41 | Build | Farm |
| 16:44 | Build | Lumber Camp |
| 17:07 | Queue | Scout Cavalry |
| 17:12 | Queue | Villager (Male) |
| 17:14 | Queue | Monk |
| 17:17 | Build | Farm |
| 17:18 | Build | Farm |
| 17:19 | Queue | Villager (Male) |
| 17:29 | Queue | Villager (Male) |
| 17:34 | Build | House |
| 17:42 | Queue | Scout Cavalry |
| 17:45 | Build | House |
| 17:53 | Research | Forging |
| 18:13 | Queue | Villager (Male) |
| 18:14 | Queue | Villager (Male) |
| 18:24 | Queue | Villager (Male) |
| 18:35 | Build | Farm |
| 18:37 | Queue | Villager (Male) |
| 18:52 | Queue | Scout Cavalry |
| 18:52 | Queue | Scout Cavalry |
| 18:58 | Queue | Villager (Male) |
| 19:00 | Build | Town Center |
| 19:03 | Queue | Villager (Male) |
| 19:05 | Build | Farm |
| 19:05 | Queue | Villager (Male) |
| 19:06 | Build | Town Center |
| 19:18 | Build | Farm |
| 19:19 | Queue | Villager (Male) |
| 19:26 | Queue | Scout Cavalry |
| 19:29 | Queue | Scout Cavalry |
| 19:31 | Queue | Monk |
| 19:36 | Build | Farm |
| 19:36 | Queue | Villager (Male) |
| 19:48 | Queue | Villager (Male) |
| 20:03 | Queue | Scout Cavalry |
| 20:12 | Queue | Villager (Male) |
| 20:16 | Queue | Villager (Male) |
| 20:18 | Queue | Scout Cavalry |
| 20:23 | Research | Scale Barding Armor |
| 20:25 | Queue | Villager (Male) |
| 20:31 | Queue | Villager (Male) |
| 20:40 | Queue | Villager (Male) |
| 20:45 | Queue | Villager (Male) |
| 20:55 | Queue | Monk |
| 21:01 | Queue | Scout Cavalry |
| 21:10 | Queue | Villager (Male) |
| 21:12 | Build | Farm |
| 21:12 | Build | Farm |
| 21:12 | Build | Farm |
| 21:12 | Build | Farm |
| 21:12 | Build | Farm |
| 21:12 | Build | Farm |
| 21:13 | Build | Farm |
| 21:17 | Queue | Villager (Male) |
| 21:17 | Queue | Villager (Male) |
| 21:18 | Queue | Villager (Male) |
| 21:26 | Build | Farm |
| 21:34 | Queue | Villager (Male) |
| 21:42 | Queue | Villager (Male) |
| 21:59 | Queue | Villager (Male) |
| 22:04 | Queue | Villager (Male) |
| 22:11 | Queue | Villager (Male) |
| 22:11 | Queue | Villager (Male) |
| 22:12 | Queue | Villager (Male) |
| 22:17 | Build | Farm |
| 22:20 | Queue | Scout Cavalry |
| 22:20 | Queue | Villager (Male) |
| 22:26 | Build | Farm |
| 22:33 | Build | Farm |
| 22:37 | Queue | Villager (Male) |
Build order — Thomas2311
First 150 of 182 actions detected
| 0:01 | Queue | Villager (Male) |
| 0:01 | Queue | Villager (Male) |
| 0:02 | Build | House |
| 0:04 | Build | House |
| 0:15 | Queue | Villager (Male) |
| 0:16 | Queue | Villager (Male) |
| 0:16 | Queue | Villager (Male) |
| 1:23 | Queue | Villager (Male) |
| 1:45 | Queue | Villager (Male) |
| 1:56 | Build | Lumber Camp |
| 2:15 | Queue | Villager (Male) |
| 2:16 | Queue | Villager (Male) |
| 2:34 | Queue | Villager (Male) |
| 2:34 | Queue | Villager (Male) |
| 2:39 | Build | Palisade Wall |
| 2:49 | Queue | Villager (Male) |
| 2:49 | Queue | Villager (Male) |
| 3:17 | Queue | Villager (Male) |
| 3:18 | Queue | Villager (Male) |
| 3:38 | Queue | Villager (Male) |
| 3:44 | Queue | Villager (Male) |
| 3:45 | Queue | Villager (Male) |
| 3:47 | Build | Palisade Wall |
| 4:03 | Build | House |
| 4:04 | Build | House |
| 4:05 | Build | House |
| 4:51 | Queue | Villager (Male) |
| 4:51 | Queue | Villager (Male) |
| 4:51 | Queue | Villager (Male) |
| 4:55 | Queue | Villager (Male) |
| 4:56 | Queue | Villager (Male) |
| 5:07 | Build | Mill |
| 5:24 | Queue | Villager (Male) |
| 5:57 | Queue | Villager (Male) |
| 6:00 | Build | Mill |
| 6:25 | Queue | Villager (Male) |
| 6:37 | Queue | Villager (Male) |
| 6:37 | Queue | Villager (Male) |
| 6:37 | Queue | Villager (Male) |
| 6:53 | Build | Farm |
| 7:08 | Build | Farm |
| 7:35 | Build | Farm |
| 7:40 | Queue | Villager (Male) |
| 8:01 | Build | Lumber Camp |
| 8:55 | Build | Mining Camp |
| 9:07 | Research | Feudal Age |
| 9:07 | Research | Feudal Age |
| 10:10 | Build | Barracks |
| 10:11 | Queue | Villager (Male) |
| 10:12 | Queue | Villager (Male) |
| 11:46 | Age | Feudal Age |
| 11:48 | Build | Stable |
| 11:52 | Build | Blacksmith |
| 11:55 | Build | House |
| 12:07 | Research | Double-Bit Axe |
| 12:07 | Research | Double-Bit Axe |
| 12:32 | Research | Castle Age |
| 12:32 | Research | Castle Age |
| 12:34 | Queue | Scout Cavalry |
| 12:44 | Build | House |
| 12:46 | Research | Horse Collar |
| 12:47 | Research | Horse Collar |
| 12:56 | Build | Farm |
| 13:01 | Build | Farm |
| 13:04 | Build | Farm |
| 13:13 | Build | Farm |
| 13:20 | Queue | Scout Cavalry |
| 13:20 | Queue | Scout Cavalry |
| 13:28 | Build | Farm |
| 13:31 | Build | Farm |
| 13:41 | Queue | Scout Cavalry |
| 13:46 | Build | Farm |
| 14:00 | Queue | Scout Cavalry |
| 14:15 | Build | Farm |
| 14:19 | Queue | Villager (Male) |
| 14:25 | Build | House |
| 14:26 | Build | House |
| 14:29 | Queue | Scout Cavalry |
| 14:59 | Research | Bloodlines |
| 15:16 | Age | Castle Age |
| 15:22 | Build | Monastery |
| 15:27 | Research | Scale Barding Armor |
| 15:31 | Build | Farm |
| 15:33 | Build | Farm |
| 15:37 | Queue | Villager (Male) |
| 15:47 | Build | House |
| 15:54 | Queue | Villager (Male) |
| 16:03 | Queue | Scout Cavalry |
| 16:04 | Queue | Scout Cavalry |
| 16:12 | Queue | Villager (Male) |
| 16:20 | Queue | Monk |
| 16:29 | Queue | Scout Cavalry |
| 16:29 | Queue | Scout Cavalry |
| 16:37 | Build | Town Center |
| 16:41 | Build | Farm |
| 16:46 | Queue | Scout Cavalry |
| 17:02 | Build | House |
| 17:05 | Queue | Villager (Male) |
| 17:09 | Build | Farm |
| 17:12 | Build | Farm |
| 17:13 | Build | Farm |
| 17:17 | Queue | Monk |
| 17:21 | Queue | Scout Cavalry |
| 17:38 | Queue | Villager (Male) |
| 17:40 | Build | Farm |
| 17:57 | Research | Forging |
| 17:57 | Research | Forging |
| 18:00 | Build | Farm |
| 18:05 | Queue | Villager (Male) |
| 18:05 | Queue | Villager (Male) |
| 18:12 | Queue | Scout Cavalry |
| 18:30 | Queue | Villager (Male) |
| 18:43 | Queue | Scout Cavalry |
| 18:48 | Queue | Villager (Male) |
| 18:59 | Build | Town Center |
| 19:01 | Queue | Villager (Male) |
| 19:01 | Queue | Villager (Male) |
| 19:09 | Queue | Monk |
| 19:20 | Queue | Villager (Male) |
| 19:21 | Queue | Villager (Male) |
| 19:25 | Queue | Villager (Male) |
| 19:54 | Queue | Villager (Male) |
| 20:03 | Queue | Villager (Male) |
| 20:04 | Queue | Villager (Male) ×4 |
| 20:04 | Queue | Villager (Male) |
| 20:05 | Build | Farm |
| 20:06 | Queue | Villager (Male) |
| 20:07 | Queue | Villager (Male) |
| 20:22 | Queue | Villager (Male) |
| 20:22 | Queue | Villager (Male) |
| 20:24 | Research | Loom |
| 20:24 | Research | Loom |
| 20:47 | Queue | Scout Cavalry |
| 20:52 | Queue | Villager (Male) |
| 20:58 | Queue | Villager (Male) |
| 20:58 | Queue | Villager (Male) |
| 20:58 | Queue | Villager (Male) |
| 21:00 | Build | Town Center |
| 21:14 | Research | Fervor |
| 21:15 | Queue | Villager (Male) |
| 21:15 | Queue | Villager (Male) |
| 21:16 | Queue | Villager (Male) |
| 21:20 | Build | Farm |
| 21:20 | Build | Farm |
| 21:21 | Build | Farm |
| 21:21 | Build | Farm |
| 21:21 | Build | Farm |
| 21:26 | Build | House |
| 21:27 | Build | House |
| 21:36 | Queue | Villager (Male) |
Match timeline
| 2:39 | Thomas2311 · wall_segment Palisade Wall x1 |
| 3:47 | Thomas2311 · wall_segment Palisade Wall x2 |
| 9:55 | Saturno 1343 · first_building Barracks |
| 10:10 | Thomas2311 · first_building Barracks |
| 10:39 | Saturno 1343 · first_building Stable |
| 11:46 | Thomas2311 · age_up feudal |
| 11:48 | Thomas2311 · first_building Stable |
| 14:34 | Saturno 1343 · first_building Monastery |
| 15:16 | Thomas2311 · age_up castle |
| 15:22 | Thomas2311 · first_building Monastery |
| 23:30 | Thomas2311 · wall_segment Stone Wall x2 |
| 23:45 | Saturno 1343 · resign |
[ AI ANALYSIS · 1 CREDIT ]
What really happened in this match?
Wolo.gg analyzes every decision: build order, eco, micro, common mistakes by bracket. Personalized analysis on WhatsApp or Discord in 30 seconds.
Civ guide
Mongols
Perfil
Saturno 1343